 Dungeon Crawl Stone Soup version 0.24.0-123-gd5b16e6ec5 (webtiles) character file.

Game seed: 1513524506436474927, levelgen mode: deterministic

107 McKennaii the Conjurer (level 4, -1/33 HPs)
             Began as a Draconian Conjurer on Jan 29, 2020.
             Was an Initiate of Sif Muna.
             Slain by Ijyb
             ... wielding a +0 war axe
              (4 damage)
             ... on level 2 of the Dungeon.
             The game lasted 00:04:15 (2877 turns).

McKennaii the Conjurer (Draconian Conjurer)         Turns: 2877, Time: 00:04:15

Health: -1/33      AC:  6    Str:  8 (10) XL:     4   Next: 56%
Magic:  4/18       EV: 12    Int: 15 (16) God:    Sif Muna [......]
Gold:   95         SH:  0    Dex: 11 (12) Spells: 9/10 levels left

rFire    . . .     SeeInvis .   (no weapon)
rCold    + . .     Gourm    .   (no shield)
rNeg     . . .     Faith    .   (armour unavailable)
rPois    .         Spirit   .   (helmet restricted)
rElec    .         Reflect  .   (no cloak)
rCorr    .         Harm     .   (no gloves)
MR       .....                  k - +0 pair of boots
Stlth    ++........             (no amulet)
HPRegen  0.11/turn              c - ring of protection from cold
MPRegen  0.16/turn              f - ring of magical power (curse)

@: very slightly contaminated
A: unfitting armour, cold-blooded, AC +5
a: Renounce Religion


You were on level 2 of the Dungeon.
You worshipped Sif Muna.
Sif Muna was noncommittal.
You were near starving.

You visited 1 branch of the dungeon, and saw 3 of its levels.

You collected 95 gold pieces.

Inventory:

Armour
 k - a +0 pair of boots (worn)
Jewellery
 c - a ring of protection from cold (left hand)
 f - a cursed ring of magical power (right hand)
Scrolls
 e - 3 scrolls of identify {unknown}
 g - a scroll of fear
 h - a scroll of teleportation {unknown}
 j - a scroll of random uselessness {unknown}
 n - a scroll of enchant weapon {unknown}
Comestibles
 b - 4 rations


   Skills:
 + Level 2.0 Dodging
 + Level 1.8 Stealth
 * Level 3.5 Spellcasting
 + Level 4.9 Conjurations


You had 9 spell levels left.
You knew the following spells:

 Your Spells              Type           Power        Failure   Level  Hunger
a - Magic Dart            Conj           ###.         2%          1    None

Your spell library contained the following spells:

 Spells                   Type           Power        Failure   Level  Hunger
 Searing Ray              Conj           ###...       3%          2    ##.....
 Dazzling Spray           Conj/Hex       ##....       21%         3    ###....
 Iskenderun's Mystic Bla  Conj           ###.....     26%         4    ####...
 Force Lance              Conj/Tloc      ##......     56%         4    ####...
 Fulminant Prism          Conj/Hex       ##........   56%         4    ####...


Dungeon Overview and Level Annotations

Branches:
Dungeon (3/15)

Altars:
Fedhas
Sif Muna
Trog

Annotations:
D:2 Ijyb
D:3 Grinder


Innate Abilities, Weirdness & Mutations

Your plain brown scales are hard. (AC +5)
You cannot fit into any form of body armour.
You are cold-blooded and may be slowed by cold attacks.


Message History

The magic dart hits Ijyb.
Ijyb is almost dead.
Ijyb hits you with a +0 war axe.
* * * LOW HITPOINT WARNING * * *
Casting: Magic Dart (safe; 2% risk of failure)
Confirm with . or Enter, or press ? or * to list all spells.
Aiming: Magic Dart (safe; 2% risk of failure)
Press: ? - help, Shift-Dir - straight line, f/p - Ijyb
Aim: Ijyb, wielding a +0 war axe, wearing a +0 leather armour and carrying a wand of scattershot (1) (almost dead)
The magic dart hits Ijyb.
Ijyb is almost dead.
Casting: Magic Dart (safe; 2% risk of failure)
Confirm with . or Enter, or press ? or * to list all spells.
Aiming: Magic Dart (safe; 2% risk of failure)
Press: ? - help, Shift-Dir - straight line, f/p - Ijyb
Aim: Ijyb, wielding a +0 war axe, wearing a +0 leather armour and carrying a wand of scattershot (1) (almost dead)
The magic dart hits Ijyb but does no damage.
Ijyb is almost dead.
Ijyb hits you with a +0 war axe.
You die...

...######.# ####
#.#.### ..........#
#..### #.#....
..#########
#≈...##########.#####
..#######
#≈≈..................
.#......#
#8≈.......#####.#####
........# #≈≈.......#
#.# ........#
#≈........#####.#
##......#
##.............#.#
##......#
#.#..@#.######.#.#
.+......####.#.g.#.#
#...#
##......#........#.#
#####
.+.....)#........#.#
##.....)#........#.#
##.###..)........#.#
.......##.......>###
##.###.##........#
##.# #.##........#


You could see Ijyb.

Vanquished Creatures
  2 adders (D:2)
  3 gnolls
  An ooze (D:2)
  A worm (D:2)
  2 leopard geckos (D:2)
  7 bats
  4 giant cockroaches
  8 goblins
  5 hobgoblins
  4 kobolds
  2 quokkas
  A ball python (D:1)
  A frilled lizard (D:1)
  10 rats
51 creatures vanquished.

Notes
Turn   | Place    | Note
-------+----------+-------------------------------------------
     0 | D:1      | McKennaii the Draconian Conjurer began the quest for the
                  | Orb.
     0 | D:1      | Reached XP level 1. HP: 14/14 MP: 3/3
   243 | D:1      | Reached XP level 2. HP: 20/20 MP: 0/5
   278 | D:1      | HP: 1/20 [kobold (4)]
  1125 | D:1      | Reached XP level 3. HP: 26/26 MP: 6/6
  1365 | D:2      | Found a bloodstained altar of Trog.
  1368 | D:2      | Found a shimmering blue altar of Sif Muna.
  1374 | D:2      | Found a blossoming altar of Fedhas.
  1383 | D:2      | Became a worshipper of Sif Muna the Loreminder
  1737 | D:2      | Reached XP level 4. HP: 33/33 MP: 8/8
  2358 | D:3      | Noticed Ijyb
  2574 | D:3      | Noticed Grinder
  2877 | D:2      | Slain by Ijyb

Levels and vault maps discovered:
D:1:      dpeg_arrival_renting, layout_loops_ring, minmay_misc_feat_chi,
          minmay_rat_gold_closets
D:2:      layout_basic, grunt_temple_overflow_open, moated_statue
D:3:      layout_rooms, cheibriados_altar_1, minmay_curled_crystal, uniq_ijyb,
          uniq_grinder

Skill      XL: |  1  2  3 |
---------------+----------+-----
Dodging        | 2 |  2.0
Spellcasting   | 3 |  3.5
Stealth        | |  1.8
Conjurations   | |  4.9

Action                   |  1- 3 |  4- 6 || total
-------------------------+-------+-------++-------
Melee: Unarmed           |    44 |       ||    44
       Tailslap          |     5 |       ||     5
 Cast: Magic Dart        |    95 |    61 ||   156
  Use: Potion            |       |     4 ||     4
       Scroll            |       |     2 ||     2
  Eat: Chunk             |     3 |     2 ||     5
Armor: Skin              |     9 |    15 ||    24
Dodge: Dodged            |    30 |    33 ||    63
